 Dungeon Sprint DCSS version 0.21.1-1-g345015f (webtiles) character file.

11634 wilfster70 the Cruncher (level 11, -3/98 HPs)
             Began as a Demonspawn Gladiator on June 6, 2018.
             Was the Champion of Makhleb.
             Slain by an orc knight
             ... wielding a +2 battleaxe
              (15 damage)
             ... in the Dungeon (Sprint IX: "|||||||||||||||||||||||||||||").
             The game lasted 00:08:37 (1573 turns).

wilfster70 the Cruncher (Demonspawn Gladiator)      Turns: 1573, Time: 00:08:37

Health: -3/98      AC: 21    Str: 18    XL:     11   Next: 51%
Magic:  16/17      EV: 20    Int: 11    God:    Makhleb [******]
Gold:   1276       SH:  0    Dex: 15    Spells: 10/10 levels left

rFire    . . .     SeeInvis .   a - +4 quarterstaff (speed)
rCold    . . .     Gourm    .   (shield currently unavailable)
rNeg     . . .     Faith    .   u - +1 scale mail
rPois    .         Spirit   .   c - +2 helmet
rElec    .         Reflect  .   A - +2 cloak
rCorr    .         Harm     .   B - +0 pair of gloves
MR       .....     Rnd*Rage +   y - +0 pair of boots Stlth ..........NoTele +
                                (no amulet)
HPRegen  0.26/turn              r - +2 ring of protection
MPRegen  0.15/turn              v - +2 ring of evasion

@: no status effects
A: talons 2, molten scales 1, berserk 1, clever 1, deformed body, spiny 1, rot
immunity
a: Minor Destruction, Lesser Servant of Makhleb, Major Destruction, Greater
Servant of Makhleb, Renounce Religion


You were in the Dungeon.
You worshipped Makhleb.
Makhleb was exalted by your worship.
You were not hungry.

You visited 1 branch You collected 1276 gold pieces.

Inventory:

Hand Weapons
 a - a +4 quarterstaff of speed (weapon)
 b - a +2 dire flail of crushing
Missiles
 d - 3 throwing nets (quivered)
Armour
 c - a +2 helmet (worn)
 u - a +1 scale mail (worn)
 y - a +0 pair of boots (worn)
 A - a +2 cloak (worn)
 B - a +0 pair of gloves (worn)
Magical Staves
 q - an uncursed staff of energy
Jewellery
 r - a +2 ring of protection (left hand)
 v - a +2 ring of evasion (right hand)
Wands
 p - a wand of acid (16)
Scrolls
 k - 2 scrolls of blinking
 n - 4 scrolls of remove curse
 o - 2 scrolls of amnesia
 z - 2 scrolls of fog
Potions
 e - 6 potions of curing
 g - a potion of invisibility
 h - a potion of haste
 i - 4 potions of magic
 j - a potion of resistance
 l - a potion of brilliance
 x - a potion of flight
Books
 s - a book of Annihilations

   Spells                             Type                      Level
   a - Poison Arrow                   Conjuration/Poison           6
   b - Chain Lightning                Conjuration/Air              8
   c - Lehudib's Crystal Spear        Conjuration/Earth            8
   d - Glaciate                       Conjuration/Ice              9
   e - Fire Storm                     Conjuration/Fire             9
Comestibles
 f - 11 rations
 m - a chunk of flesh


   Skills:
 + Level 13.6 Fighting
 - Level 2.9(9.7) Maces & Flails
 - Level 13.9(14.0) Staves
 - Level 2.0 Throwing
 + Level 12.4 Armour
 + Level 12.8 Dodging
 + Level 8.7 Invocations


You had 10 spell levels left.
You didn't know any spells.

Dungeon Overview and Level Annotations

Branches:
Dungeon (1/1)

Altars:
Cheibriados
Dithmenos
Elyvilon
Fedhas
Gozag
Hepliaklqana
Kikubaaqudgha
Makhleb
Nemelex Xobeh
Okawaru
Qazlal
Ru
Sif Muna
Trog
Uskayaw
Vehumet
Wu Jian
Xom
Yredelemnul
Zin
The Shining One
Beogh
Jiyva
Lugonu

Shops:
D *%


Innate Abilities, Weirdness & Mutations

You have razor-sharp toenails.
You are partially covered in molten scales. (AC +2)
You are partially covered in sharp spines.
You are immune to rotting.
You tend to lose your temper in combat.
Your mind is acute. (Int +2)
Armour fits poorly on your strangely shaped body.


Message History

The orc high priest mumbles some strange prayers to Beogh.
An orc high priest comes into view. It is wielding a scimitar.
Items here: $ )) [ † a flail; a halberd; a ring mail; 50 gold pieces; an orc corpse You hit the orc knight.
The orc knight is lightly wounded.
The orc high priest invokes the aid of Beogh against you.
Beogh smites you!
The orc knight hits you with an enchanted battleaxe!!
* * * LOW HITPOINT WARNING * * *
You bludgeon the orc knight!!
The orc knight is moderately wounded.
You feel extremely strange.
You feel a little pissed off.
Your body twists and deforms.
You feel clever.
The orc high priest invokes the aid of Beogh against you.
Beogh smites you!
* * * LOW HITPOINT WARNING * * *
The orc high priest utters an invocation to Beogh.
The orc knight hits you with an enchanted battleaxe!
You die...

_______________'...).[[..'....(.)
▓▓▓▓▓▓▓▓▓▓▓▓▓▓▓▓▓▓▓▓▓▓▓▓▓▓▓▓▓▓▓▓▓
.................................
▓▓▓▓▓▓▓▓▓▓▓▓▓▓▓▓▓▓▓▓▓▓▓▓▓▓▓▓▓▓▓▓▓
.....†..†......'........?..='..[.
▓▓▓▓▓▓▓▓▓▓▓▓▓▓▓▓▓▓▓▓▓▓▓▓▓▓▓▓▓▓▓▓▓
.................................
▓▓▓▓▓▓▓▓▓▓▓▓▓▓▓▓▓▓▓▓▓▓▓▓▓▓▓▓▓▓▓▓▓
))))).........')@ooooo3o
▓▓▓▓▓▓▓▓▓▓▓▓▓▓▓▓▓▓▓▓▓▓▓▓


You could see 3 orc knights, 3 orc high priests and a neqoxec.

Vanquished Creatures
  A hydra (D)
  3 orc high priests (D)
  An unseen horror (D)
  5 lindwurms (D)
  An orc knight (D)
  2 orc sorcerers (D)
  An ugly thing (D)
  A black mamba (D)
  Maurice (D)
  2 spiny frogs (D)
  A komodo dragon (D)
  A tyrant leech (D)
  2 hippogriffs (D)
  A yak (D)
  4 porcupines (D)
  4 water moccasins (D)
  11 orc warriors (D)
  A phantom (D)
  A necrophage (D)
  An ogre (D)
  A centaur (D)
  A crocodile (D)
  A big kobold (D)
  A bullfrog (D)
  A gnoll sergeant (D)
  A howler monkey (D)
  A crimson imp (D)
  4 orc priests (D)
  2 adders (D)
  An ooze (D)
  An adder skeleton (D)
  2 worms (D)
  8 orcs (D)
  A bat zombie (D)
  A giant cockroach (D)
  A hobgoblin (D)
  A quokka (D)
  2 bats (D)
  A rat (D)
77 creatures vanquished.

Notes
Turn   | Place    | Note
-------+----------+-------------------------------------------
     0 | D        | wilfster70 the Demonspawn Gladiator began the quest for the Orb.
     0 | D        | Reached XP level 1. HP: 16/16 MP: 1/1
     8 | D        | Reached skill level 1 in Armour
    17 | D        | Gained mutation: You have sharp toenails. [demonic ancestry]
    17 | D        | Reached XP level 2. HP: 14/23 MP: 2/2
   141 | D        | Noticed a centaur
   148 | D        | Killed a centaur
   148 | D        | Reached skill level 5 in Fighting
   148 | D        | Reached skill level 5 in Dodging
   148 | D        | Reached XP level 3. HP: 33/33 MP: 3/3
   148 | D        | Reached XP level 4. HP: 39/39 MP: 4/4
   216 | D        | Found a roughly hewn altar of Beogh.
   216 | D        | Found a snail-covered altar of Cheibriados.
   216 | D        | Found a shadowy altar of Dithmenos.
   216 | D        | Found a white marble altar of Elyvilon.
   216 | D        | Found a blossoming altar of Fedhas.
   216 | D        | Found an opulent altar of Gozag.
   217 | D        | Found a hazy altar of Hepliaklqana.
   218 | D        | Found a viscous altar of Jiyva.
   219 | D        | Found an ancient bone altar of Kikubaaqudgha.
   220 | D        | Found a corrupted altar of Lugonu.
   221 | D        | Found a burning altar of Makhleb.
   222 | D        | Found a sparkling altar of Nemelex Xobeh.
   223 | D        | Found an iron altar of Okawaru.
   224 | D        | Found a stormy altar of Qazlal.
   225 | D        | Found a sacrificial altar of Ru.
   226 | D        | Found a deep blue altar of Sif Muna.
   227 | D        | Found a bloodstained altar of Trog.
   228 | D        | Found a hide-covered altar of Uskayaw.
   229 | D        | Became a worshipper of Makhleb the Destroyer
   230 | D        | Found a radiant altar of Vehumet.
   231 | D        | Found an ornate altar of the Wu Jian Council.
   232 | D        | Found a shimmering altar of Xom.
   233 | D        | Found a basalt altar of Yredelemnul.
   234 | D        | Found a glowing silver altar of Zin.
   235 | D        | Found a glowing golden altar of the Shining One.
   282 | D        | Noticed a phantom
   294 | D        | Killed an unseen horror
   294 | D        | Gained mutation: You are partially covered in sharp spines. [demonic ancestry]
   294 | D        | Reached XP level 5. HP: 21/49 MP: 5/5
   294 | D        | Reached XP level 6. HP: 25/56 MP: 6/6
   294 | D        | Gained mutation: You are partially covered in molten scales. (AC +2) [demonic ancestry]
   294 | D        | Reached XP level 7. HP: 27/62 MP: 7/7
   297 | D        | Reached * piety under Makhleb
   308 | D        | Reached ** piety under Makhleb
   523 | D        | Noticed a red ugly thing
   547 | D        | Killed a red ugly thing
   547 | D        | Reached XP level 8. HP: 50/71 MP: 8/8
   551 | D        | Reached *** piety under Makhleb
   695 | D        | Noticed a komodo dragon
   695 | D        | Noticed a hippogriff
   700 | D        | Reached skill level 10 in Staves
   706 | D        | Reached **** piety under Makhleb
   715 | D        | Killed a komodo dragon
   718 | D        | Gained mutation: You have razor-sharp toenails. [demonic ancestry]
   718 | D        | Reached XP level 9. HP: 78/78 MP: 9/9
   724 | D        | Reached skill level 10 in Fighting
   727 | D        | Reached ***** piety under Makhleb
   747 | D        | Noticed a spiny frog
   747 | D        | Noticed a spiny frog
   748 | D        | Noticed a six-headed hydra
   753 | D        | Killed a spiny frog
   753 | D        | Reached skill level 10 in Dodging
   767 | D        | Killed a six-headed hydra
   767 | D        | Reached skill level 10 in Armour
   767 | D        | Reached XP level 10. HP: 87/87 MP: 10/10
   771 | D        | Noticed a black mamba
   782 | D        | Killed a spiny frog
   784 | D        | Reached ****** piety under Makhleb
   790 | D        | Killed a black mamba
   798 | D        | Noticed a lindwurm
   798 | D        | Noticed a lindwurm
   798 | D        | Noticed a lindwurm
   798 | D        | Noticed a lindwurm
   805 | D        | Noticed a lindwurm
   808 | D        | Killed a lindwurm
   818 | D        | Killed a lindwurm
   830 | D        | Killed a lindwurm
   841 | D        | Killed a lindwurm
   866 | D        | Killed a lindwurm
  1083 | D        | Noticed Maurice
  1100 | D        | Killed Maurice
  1140 | D        | Noticed an orc sorcerer
  1161 | D        | Noticed an orange demon
  1163 | D        | Paralysed by an orc sorcerer for 7 turns
  1172 | D        | Killed an orc sorcerer
  1172 | D        | Gained mutation: You are immune to rotting. [demonic ancestry]
  1172 | D        | Reached XP level 11. HP: 50/96 MP: 12/14
  1354 | D        | Noticed an orc sorcerer
  1369 | D        | Paralysed by an orc sorcerer for 6 turns
  1373 | D        | Noticed an orc knight
  1378 | D        | Killed an orc sorcerer
  1378 | D        | Reached skill level 5 in Invocations
  1422 | D        | Killed an orc knight
  1508 | D        | Found Zujuzxeu's General Store.
  1508 | D        | Noticed an orc high priest
  1508 | D        | Noticed an orc high priest
  1508 | D        | Noticed an orc high priest
  1508 | D        | Noticed an orc knight
  1508 | D        | Noticed an orc high priest
  1513 | D        | Noticed an orc knight
  1530 | D        | Noticed an orc high priest
  1550 | D        | Killed an orc high priest
  1551 | D        | Found Jeuja's Food Shoppe.
  1551 | D        | Noticed an orc knight
  1562 | D        | Killed an orc high priest
  1569 | D        | Killed an orc high priest
  1571 | D        | Noticed an orc high priest
  1573 | D        | Gained mutation: You tend to lose your temper in combat. [potion of mutation]
  1573 | D        | Gained mutation: Armour fits poorly on your strangely shaped body. [potion of mutation]
  1573 | D        | Gained mutation: Your mind is acute. (Int +2) [potion of mutation]
  1573 | D        | Slain by an orc knight

Skill      XL: |  1  2  3  4  5  6  7  8  9 10 11 |
---------------+----------------------------------+-----
Throwing       | 2 |  2.0
Armour         | 1 4 6 8 10 11 12 | 12.4
Dodging        | 3 5 7 8 9 10 11 12 | 12.8
Fighting       | 5 8 9 11 12 13 | 13.6
Staves         | 7 9 10 12 13 | 13.9
Invocations    | 4 8 |  8.7
Maces & Flails | |  2.9

Action                   |  1- 3 |  4- 6 |  7- 9 | 10-12 || total
-------------------------+-------+-------+-------+-------++-------
Melee: Flail             |    14 |    15 |       |       ||    29
       Kick              |     2 |     5 |    30 |    36 ||    73
       Quarterstaff      |       |    10 |   100 |   287 ||   397
  Use: Potion            |     1 |     1 |     2 |     3 ||     7
       Scroll            |       |       |     4 |       ||     4
 Stab: Sleeping          |     1 |       |       |       ||     1
  Eat: Chunk             |       |       |       |     2 ||     2
Armor: Leather armour    |     1 |     2 |       |       ||     3
       Scale mail        |       |     9 |    28 |    49 ||    86
Dodge: Dodged            |    11 |    17 |    36 |   101 ||   165
